[Event "Romanian Team Blitz Women 2022"]
[Site "Sebes"]
[Date "2022.12.04"]
[Round "2.3"]
[White "Bucur, Denisa-Andreea"]
[Black "Hoanca, Alexia-Ioana"]
[Result "0-1"]
[ECO "B14"]
[WhiteElo "1953"]
[BlackElo "1644"]
[Annotator "TA"]
[PlyCount "48"]
[EventDate "2022.12.04"]
[EventType "blitz"]
[EventCountry "ROU"]
[SourceTitle "playchess.com"]
[Source "ChessBase"]
[SourceQuality "1"]
[TimeControl "180+2"]

1. c4 c5 2. Nf3 Nf6 3. e3 Nc6 4. d4 cxd4 5. exd4 d5 6. c5 e6 7. Nc3 Be7 8. Bf4 O-O 9. Be2 {[%emt 0:00:10] B14: Caro-Kann: Panov-Botvinnik Attack with 5...e6 and 5...g6.} (9. Bb5 $11) 9... b6 10. Qa4 Bd7 11. Bb5 {[%emt 0:00:03] Black is slightly better.} Rc8 12. Ba6 $2 {[%emt 0:00:14] [#]} (12. cxb6 $15 Qxb6 13. O-O) 12... Nb8 $19 {[%emt 0:00:25] [#]} 13. Qa3 $146 (13. Bb5 {was necessary.}) ({Predecessor:} 13. Bb5 bxc5 14. Qxa7 cxd4 15. Nxd4 Bc5 16. Qa4 Qb6 17. Nce2 Nc6 18. Be3 Ra8 19. Qd1 {1-0 (39) Torres Moya,R (1494)-Suarez Espinosa,L (1815) Tunja 2018}) 13... Nxa6 14. Qxa6 bxc5 15. O-O cxd4 16. Nxd4 Bc5 17. Nb3 Bb6 {[%emt 0:00:06] A strong pair of Bishops.} 18. a4 (18. Be3 $142) 18... Rc4 19. Bd6 (19. a5 Bc7 20. Bxc7 Qxc7 21. Nd2) 19... Re8 (19... Bc8 $142 20. Qxc4 dxc4 21. Bxf8 cxb3) 20. a5 Bc7 21. Ba3 $2 {[%emt 0:00:07] [#]} (21. Bxc7 Qxc7 22. Nd2) 21... Bb8 $2 (21... Bxh2+ $1 22. Kxh2 Ng4+ 23. Kg3 Qg5) 22. Nd2 Rc6 ({Don't go for} 22... Qc7 $2 23. g3 Rc6 24. Qd3 $19) 23. Qd3 Qc7 24. Ne2 $2 (24. g3 $19) 24... Qxh2# {[%emt 0:00:00] White got outplayed after the opening.   Weighted Error Value: White=1.30/Black=0.78} 0-1

[Event "Romanian Team Blitz Women 2022"]
[Site "Sebes"]
[Date "2022.12.04"]
[Round "2.4"]
[White "Bulmaga, Irina"]
[Black "Peptan, Corina-Isabela"]
[Result "1-0"]
[ECO "B47"]
[WhiteElo "2426"]
[BlackElo "2351"]
[Annotator "TA"]
[PlyCount "55"]
[EventDate "2022.12.04"]
[EventType "blitz"]
[EventCountry "ROU"]
[SourceTitle "playchess.com"]
[Source "ChessBase"]
[SourceQuality "1"]
[TimeControl "180+2"]

1. e4 c5 2. Nf3 e6 3. d4 cxd4 4. Nxd4 Nc6 5. Nc3 Qc7 6. g4 {[%emt 0:00:02] B47: Sicilian: Taimanov: 5 Nc3 Qc7 6 f4, 6 g3 and 6 Be2.} a6 7. Be3 $1 {[%emt 0:00:02] [#] 7.Be3 is better than 7.h4.} Be7 $146 ({Predecessor:} 7... Nxd4 8. Qxd4 b5 9. O-O-O Bb7 10. Kb1 Nf6 11. f3 Rc8 12. g5 Nh5 13. Qd2 Be7 14. Bh3 b4 {0-1 (30) Nepomniachtchi,I (2773)-Carlsen,M (2865) chess24.com INT 2022}) 8. f3 $2 {[%emt 0:00:06] [#]} (8. g5 $14 {keeps the upper hand.}) 8... Bh4+ $1 $17 9. Ke2 ({Avoid the trap} 9. Bf2 $2 Bxf2+ 10. Kxf2 Qb6 $19) 9... Nxd4+ (9... Nge7 $17 {And now ...0-0 would win.} 10. Nxc6 bxc6) 10. Qxd4 $15 Bf6 11. Qb6 Qxb6 12. Bxb6 Bxc3 (12... h5 $11 {remains equal.}) 13. bxc3 $16 d5 14. exd5 exd5 15. Kf2 Ne7 16. Bd3 ({White should play} 16. Re1 $16) 16... Be6 (16... O-O $14) 17. Rab1 {[%emt 0:00:03] White is more active.} f6 $2 {[%emt 0:00:06][%mdl 8192] This costs Black the game.} (17... Nc6 $16) 18. Bc5 {[%emt 0:00:08] This pair of bishops is nice.} Rc8 19. Bxe7 Kxe7 20. Rxb7+ Kf8 (20... Bd7 $142 21. c4 (21. Bxa6 Rxc3 22. Bd3 Kd6 $16) 21... Kd6 22. cxd5 Bb5) 21. Re1 $18 (21. Bxa6 Rd8 22. Bd3 h5 $18) 21... Re8 (21... Bf7 22. Ree7 Be8 23. Rxg7 h5) 22. Bxa6 {[%emt 0:00:07] [#] Strongly threatening Bb5. White is clearly winning.} Bf7 23. Rxe8+ Bxe8 24. Rb8 h5 25. Bb5 Kf7 26. Rxe8 Rxe8 27. Bxe8+ Kxe8 28. Ke3 {[%emt 0:00:07] Weighted Error Value: White=0.36/Black=0.66} (28. gxh5 $142 Kd7 29. Kg3) 1-0

[Event "Romanian Team Blitz Women 2022"]
[Site "Sebes"]
[Date "2022.12.04"]
[Round "2.5"]
[White "Ionescu, Irina"]
[Black "Cosma, Elena-Luminita"]
[Result "1-0"]
[ECO "C00"]
[WhiteElo "2119"]
[BlackElo "2244"]
[Annotator "TA"]
[PlyCount "127"]
[EventDate "2022.12.04"]
[EventType "blitz"]
[EventCountry "ROU"]
[SourceTitle "playchess.com"]
[Source "ChessBase"]
[SourceQuality "1"]
[TimeControl "180+2"]

1. e4 e6 2. d3 d5 3. Nd2 Nf6 4. Ngf3 b6 5. c3 Bb7 6. Qa4+ Qd7 {[%emt 0:00:01] C00: French: Unusual White 2nd moves.} 7. Qc2 (7. Qxd7+ {simplifies} Nfxd7 8. exd5 exd5 9. Nb3) 7... c5 8. Be2 (8. e5 $5 Ng8 9. d4 $11) 8... Nc6 {[%emt 0:00:01] Black is slightly better.} 9. O-O (9. e5 $1 $11 Ng4 10. d4) 9... Qc7 10. Re1 Be7 11. Bf1 {[%emt 0:00:09] [#]} Rc8 $146 ({Predecessor (2):} 11... O-O 12. a3 a5 13. a4 Ba6 14. Nb1 Rfd8 15. Na3 Rac8 16. Nb5 Qb8 17. Bg5 h6 18. Bh4 e5 19. Rad1 d4 20. Nd2 {1-0 (45) Popov,R (2388)-Libiszewski,F (2458) Playchess.com INT 2003}) 12. Qa4 O-O 13. e5 Nd7 14. d4 cxd4 (14... f6 $17 15. exf6 Rxf6) 15. cxd4 $11 Na5 (15... Nb4 $5 16. Re3 Nc2 $15) 16. Bd3 a6 17. Qd1 b5 18. h4 Rfd8 (18... Nc6 $14) 19. Ng5 $16 Bxg5 20. hxg5 Nf8 (20... Qb6 $16) 21. Nf3 (21. Re3 $1 $18) 21... Nc6 22. Be3 Ne7 (22... Nb4 $14) 23. Nh2 {[%emt 0:00:05][%cal Bf3h2,Bh2g4,Bg4f6][%mdl 32] White is more active.} Nf5 24. Qh5 $1 Bc6 {[%emt 0:00:15] [#]} 25. Ng4 $1 {[%emt 0:00:01][%cal Og4f6] Hoping for Nf6+!} g6 $2 (25... Kh8 {is tougher.}) 26. Nf6+ $18 Kg7 27. Qh3 h5 28. gxh6+ Kh8 29. g4 Nxe3 30. Qxe3 (30. Rxe3 Nh7 $18) 30... Nh7 31. Qf4 Qe7 32. Kg2 Be8 33. Rh1 a5 34. Qd2 (34. Rhc1 $18) 34... b4 (34... Nxf6 $16 {is a better defense.} 35. exf6 Qxf6) 35. Nxh7 Kxh7 36. f4 (36. Rac1 $18) 36... Rc4 (36... Bd7 $16 37. Rag1 Rb8) 37. b3 ({White should play} 37. Qe3 $18) 37... Rc7 (37... Rc3 $16) 38. Raf1 ({Better is} 38. Rac1 $18) 38... Rc3 (38... Rdc8 $1 $14) 39. Kg1 $2 (39. f5 $18) 39... Bd7 (39... Rdc8 $11) 40. f5 (40. Rh2 $14) 40... exf5 41. gxf5 gxf5 42. Bxf5+ $2 (42. Qg2 $2 Rg8 $19) (42. Rh2 $11) 42... Bxf5 $19 43. Rxf5 Rg8+ 44. Kf1 {[%emt 0:00:00] Threatens to win with Qf4.} Rcc8 $4 (44... f6 $19 45. Rh2 (45. exf6 Qe4 46. Rg5 Rf3+) (45. Rxf6 $2 Qc7 $19) 45... Qc7 46. Rxf6 (46. exf6 Rc1+) 46... Rc1+ 47. Ke2 Qc2) 45. Qf2 $4 (45. Qf4 $18 Kh8 46. Rxf7) 45... Rcf8 $4 (45... Rc1+ $19 46. Ke2 Rc2+ 47. Kd1 Rxf2 48. Rxf2 Rg4) 46. Rg1 $18 Rxg1+ 47. Qxg1 {[%emt 0:00:01][%csl Gh6][%cal Rg1g7][%mdl 4096] Endgame KQR-KQR} Rg8 {[%emt 0:00:01] Prevents Qg7+.} (47... f6 48. Qf2 Qe6 49. Rxf6 (49. exf6 Qa6+ 50. Qe2 Rxf6 $18) 49... Rxf6 50. exf6 Qh3+ 51. Ke2 Qh5+ 52. Qf3 Qh2+ 53. Kd3 Qxa2 54. Qxd5 Qb1+ 55. Kc4 Qf1+ 56. Kc5 Qxf6) 48. Qf2 Rf8 49. Rf6 {[%emt 0:00:00][%cal Oe5e6] White threatens e6! and mate.} Qc7 50. Qf5+ Kh8 {[%emt 0:00:01] [#]} 51. Qf4 $40 {[%emt 0:00:01][%mdl 128] Inhibits Qc1+. Black needs to defend precisely.} (51. Ke2 $1 $18 {Ra6 is the strong threat.} Qc1 52. Rxf7 Qb2+ 53. Kf3 (53. Ke3 Qc3+ 54. Ke2 Qb2+ 55. Kf3 Qc3+ 56. Kg4 Qxd4+ 57. Qf4 Qg1+ 58. Kh5 Rxf7 $18) 53... Qc3+ 54. Kg4 Qxd4+ 55. Qf4 Qg1+ 56. Kh5 Rxf7 57. Qxf7 Qh1+ 58. Kg6 Qg2+ 59. Kf6 Qf2+ 60. Ke6 Qb6+ 61. Ke7 Qc5+ 62. Kd8 Qb6+ 63. Kc8 Qxh6 64. e6) 51... Qc2 $11 52. Rxf7 {[%emt 0:00:02] Threatening mate with Qf6+.} Rxf7 53. Qxf7 {[%emt 0:00:01][%csl Gh6][%cal Rf7g7] KQ-KQ. Really sharp!} Qc1+ $2 (53... Qd1+ $11 54. Kf2 (54. Kg2 Qg4+ 55. Kh2 Qh4+ 56. Kg2 Qg4+ 57. Kh2 Qh4+ 58. Kg2 Qg4+ $11) 54... Qxd4+ 55. Kg2 Qxe5) 54. Kf2 Qd2+ 55. Kf3 Qd3+ 56. Kg4 Qxd4+ 57. Kf5 Qf2+ 58. Ke6 Qxf7+ 59. Kxf7 $18 {[%emt 0:00:01] KP-KP. White mates.} d4 60. e6 d3 61. e7 d2 62. e8=Q+ Kh7 63. Qg8+ Kxh6 64. Qg6# {[%emt 0:00:01] Weighted Error Value: White=0.60/Black=0.78} 1-0

[Event "Romanian Team Blitz Women 2022"]
[Site "Sebes"]
[Date "2022.12.04"]
[Round "2.6"]
[White "Ciolacu, Alessia-Mihaela"]
[Black "Schiopu, Andreea-Alexandra"]
[Result "1-0"]
[ECO "D10"]
[WhiteElo "2097"]
[BlackElo "1716"]
[Annotator "TA"]
[PlyCount "137"]
[EventDate "2022.12.04"]
[EventType "blitz"]
[EventCountry "ROU"]
[SourceTitle "playchess.com"]
[Source "ChessBase"]
[SourceQuality "1"]
[TimeControl "180+2"]

1. d4 d5 2. c4 c6 3. cxd5 cxd5 4. Bg5 Nc6 5. Nc3 Nf6 6. Bxf6 {[%emt 0:00:03] D10: Slav Defence: 3 cxd5 (without early Nf3) and 3 Nc3.} gxf6 7. e3 Bf5 8. Qb3 {[%emt 0:00:03][%csl LRb7,LRd5] White is slightly better.} Rb8 9. Qxd5 Qxd5 10. Nxd5 Bh6 {[%emt 0:00:13] [#]} 11. Bb5 $146 (11. Nf3 $16) ({Predecessor:} 11. Be2 O-O 12. Bf3 Rbc8 13. Ne2 Rfd8 14. O-O Kg7 15. Rac1 Bd3 16. Ndc3 b6 17. Rfd1 Bg6 18. Nb5 Nb4 19. Nxa7 Rxc1 20. Nxc1 {1-0 (20) Neininger,R (2069)-Deutsch,C (1788) Heusenstamm 2017}) 11... Be4 $1 $15 12. Nc7+ Kd7 13. f3 $1 Bxf3 ({Black should try} 13... Kxc7 $15 14. fxe4 Bxe3) 14. Nxf3 $14 {[%emt 0:00:08] And now Nd5 would win.} Kxc7 15. Kf2 a6 16. Bc4 e6 17. Rac1 Kd7 (17... Kd6 $11 {remains equal.}) 18. d5 $16 Na5 (18... exd5 $142 19. Bxd5 Rhd8) 19. dxe6+ ({Better is} 19. Be2 {Black must now prevent b4.} exd5 20. Rhd1) 19... fxe6 20. Rhd1+ Ke7 21. Be2 {[%emt 0:00:04] aiming for Rc7+.} Nc6 {[%emt 0:00:02] [#]} 22. Bxa6 $1 {[%emt 0:00:06] White is more active.} bxa6 23. Rxc6 Rxb2+ 24. Rd2 Rxd2+ 25. Nxd2 $14 {[%emt 0:01:19][%cal Od2e4][%mdl 4096] Endgame KRB-KRN} Kd7 (25... Rd8 $16 26. Nc4 f5) 26. Rxa6 $18 {[%emt 0:00:00] Strongly threatening Ne4.} Rc8 27. Ra7+ Kd6 (27... Kd8 {was worth a try.} 28. Ne4 (28. Rxh7 Bf8 $16) 28... f5) 28. Rxh7 Rc2 29. Ke2 Bf8 30. a3 Kd5 (30... e5 $142 31. Kd3 Ra2 32. Nc4+ Kd5) 31. a4 $2 (31. Rd7+ $18 Kc6 32. Rf7 Bxa3 33. Kd3 (33. Rxf6 Bb4 $11)) 31... Bc5 (31... Ra2 $14) 32. Kd3 Ra2 33. e4+ (33. Ne4 $142 $1 Ra3+ 34. Nc3+ Kc6 35. Rh4) 33... Kc6 $16 34. Rf7 Ra3+ 35. Ke2 (35. Kc2 $1 $16) 35... Bd4 (35... Ra2 $1 $11) 36. h4 $1 $18 {[%emt 0:00:00][%cal Bh2h4,Bh4h5][%mdl 32] Hoping for h5.} Rxa4 37. h5 Ra2 {[%emt 0:00:00] [#]} 38. Kd3 {[%emt 0:00:01] Inhibits Bc3.} (38. Rf8 $1 $18) 38... Be5 $16 39. Re7 (39. Nc4 $16 {Nxe5+ is the strong threat.} Rxg2 40. Nxe5+ fxe5 41. h6) 39... Bf4 $14 40. Nc4 ({But not} 40. Rxe6+ Kd7 41. Rxf6 Rxd2+ 42. Kc3 Be5+ 43. Kxd2 Bxf6 $11) ({White should play} 40. Nf3 $1 $14 Kd6 41. Rf7) 40... e5 $2 {[%emt 0:00:02] [#]} (40... Rxg2 $11 41. Rxe6+ Kc5) 41. Re6+ $2 (41. Rg7 $1 $18) 41... Kd7 (41... Kc5 $11) 42. Rxf6 Rxg2 43. h6 (43. Nb6+ {simplifies} Ke8 44. Rf5 Rg3+ 45. Kc4) 43... Rh2 {[%emt 0:00:02] Inhibits h7. The position is equal.} 44. Kc3 (44. Ra6 {simplifies} Rxh6 45. Nxe5+ Ke7 46. Ra7+) 44... Rxh6 45. Rxh6 Bxh6 46. Nxe5+ $11 {[%emt 0:00:01] KB-KN} Ke6 47. Nf3 Bg7+ 48. Kc4 Ba1 49. Kd3 Bh8 50. Ke3 Ke7 51. Kf4 Ke6 52. Nh4 Kf6 53. Nf5 Ke6 54. Nh6 Bg7 55. Ng4 Bh8 56. Kg5 Bg7 57. Kg6 Bd4 58. Kg5 Bh8 59. Kf4 Bd4 60. Nh6 Bc3 61. Ng4 Bg7 62. Nf2 Bd4 63. Nd3 Bh8 64. Nc5+ Ke7 65. Kf5 Bd4 66. Nd3 Bg7 67. Nf4 Bd4 68. Ng6+ Kf7 69. Ne5+ {[%emt 0:00:44][%mdl 32768] Weighted Error Value: White=0.31/Black=0.29 (precise) . Loss on time!?} 1-0

[Event "Romanian Team Blitz Women 2022"]
[Site "Sebes"]
[Date "2022.12.04"]
[Round "3.1"]
[White "Peptan, Corina-Isabela"]
[Black "Voicu-Jagodzinsky, Carmen"]
[Result "1-0"]
[ECO "D37"]
[WhiteElo "2351"]
[BlackElo "2300"]
[Annotator "TA"]
[PlyCount "113"]
[EventDate "2022.12.04"]
[EventType "blitz"]
[EventCountry "ROU"]
[SourceTitle "playchess.com"]
[Source "ChessBase"]
[SourceQuality "1"]
[TimeControl "180+2"]

1. d4 d5 2. Nf3 e6 3. c4 Nf6 4. Nc3 Be7 5. Bf4 O-O 6. e3 a6 7. h3 {[%emt 0:00:02] D37: Queen's Gambit Declined: 5 Bf4.} h6 (7... dxc4 $11 8. Bxc4 b5) 8. c5 $14 b6 {[%emt 0:00:06] [#]} 9. cxb6 $146 {[%emt 0:00:13] White is slightly better.} ({Predecessor:} 9. b4 Nc6 10. a3 Bb7 11. Be2 Nd7 12. O-O Bf6 13. Rc1 Re8 14. cxb6 cxb6 15. b5 axb5 16. Nxb5 {0-1 (48) Panda,G (1620)-Bankos,H (1781) Hungary 2019}) 9... cxb6 10. Bd3 Bb7 11. Rc1 Nc6 12. O-O Bd6 13. Na4 {[%emt 0:00:40] next Bxd6 is good for White.} Bxf4 14. exf4 Ne4 15. Qb3 b5 16. Nc5 Nxc5 17. dxc5 Qf6 18. g3 Bc8 19. Rfe1 Bd7 20. Ne5 Rfd8 21. Bf1 Rac8 (21... Nxe5 {simplifies} 22. fxe5 Qe7 23. Red1 Bc6) 22. Qa3 Ra8 {[%emt 0:00:01] [#]} (22... Nxe5 $11 23. fxe5 Qe7) 23. Qc3 (23. Nxd7 $1 $18 Rxd7 24. Bxb5) 23... Rac8 24. b4 d4 (24... g5 $14) 25. Qd2 $16 {[%emt 0:00:05] White is more active.} Be8 ({Black should play} 25... Nxe5 26. fxe5 Qf5) 26. Bg2 Ne7 (26... Nxe5 $16 {was necessary.} 27. fxe5 Qg5) 27. Re4 $18 Nf5 28. g4 Nh4 29. Rxd4 Nxg2 (29... Rxd4 $16 30. Qxd4 Ng6) 30. Kxg2 Rxd4 31. Qxd4 Rd8 32. Qe3 Qe7 33. a3 Qc7 34. Qf3 $4 (34. g5 $18) 34... f6 $19 35. Qb3 ({But not} 35. Nd3 $2 Bc6 36. Ne1 Bxf3+ $19) 35... fxe5 36. Qxe6+ Bf7 37. Qxe5 Qc6+ 38. Kg1 $2 (38. Kh2 Rd3 39. Rc3) 38... Re8 39. Qd4 Bd5 (39... Qf3 $19 {Threatens to win with ...Bd5.} 40. Qc3 Qxf4) 40. Kh2 $15 Re4 (40... Qa8 $5 ) 41. Qd2 Qc7 $2 {[%emt 0:00:01][%mdl 8192] [#] White leaves nothing to chance now.} 42. Kg3 $2 (42. Qxd5+ {mates} Kh8 43. Qxe4 Kg8 44. Qe8+ Kh7 45. Kg3 a5 46. Re1 axb4 47. g5) 42... Qe7 $2 43. Qxd5+ $18 {[%emt 0:00:01][%mdl 4096] Endgame KQR-KQR} Kh8 44. Rd1 Kh7 45. Qf5+ g6 46. Qd7 {[%emt 0:00:02] Threatening mate with c6.} Qxd7 47. Rxd7+ {[%emt 0:00:00] KR-KR} Kg8 48. Ra7 {[%emt 0:00:01] Black must now prevent c6.} Re6 49. Rc7 {[%emt 0:00:01] Hoping for f5.} Kf8 50. c6 {[%emt 0:00:01] aiming for f5.} Ke8 51. f5 gxf5 52. gxf5 {[%emt 0:00:01][%cal Bg4f5,Bf5f6][%mdl 32] White mates.} Rd6 53. Kf4 Kd8 54. Rd7+ Rxd7 55. cxd7 Kxd7 56. Ke5 Ke7 57. f6+ {[%emt 0:00:00] Weighted Error Value: White=0.54/Black=0.70} 1-0

[Event "Romanian Team Blitz Women 2022"]
[Site "Sebes"]
[Date "2022.12.04"]
[Round "3.2"]
[White "Ionica, Iulia-Ionela"]
[Black "Ionescu, Irina"]
[Result "0-1"]
[ECO "C41"]
[WhiteElo "2177"]
[BlackElo "2119"]
[Annotator "TA"]
[PlyCount "108"]
[EventDate "2022.12.04"]
[EventType "blitz"]
[EventCountry "ROU"]
[SourceTitle "playchess.com"]
[Source "ChessBase"]
[SourceQuality "1"]
[TimeControl "180+2"]

1. e4 d6 2. d4 Nf6 3. Nc3 e5 4. Nf3 Nbd7 5. Bc4 Be7 6. O-O O-O 7. Re1 c6 8. a4 b6 {[%emt 0:00:06] 8...b6 has lost popularity.} 9. Bg5 h6 {[%emt 0:00:11] C41: Philidor Defence.} 10. Bh4 a6 11. d5 {[%emt 0:00:13] [#]} c5 $146 {[%emt 0:00:12] White has an edge.} ({Predecessor:} 11... Bb7 12. dxc6 Bxc6 13. Qe2 Nc5 14. Bxf6 Bxf6 15. Bd5 Qd7 16. Bxc6 Qxc6 17. Nd5 Bd8 {½-½ (29) Zakhartsov,V (2486)-Khruschiov,A (2367) Moscow 2018}) 12. Bxf6 (12. Nd2 $14) 12... Nxf6 $11 13. Bf1 Bg4 14. h3 Bh5 15. Be2 Qc8 16. Nd2 $36 {[%emt 0:00:06][%cal Bf3d2,Bd2c4,Bc4d6,Bd6f5][%mdl 2080] White has the initiative.} Bxe2 17. Qxe2 Rb8 18. Nc4 Bd8 $2 (18... g6 $11) 19. Nxd6 $18 {[%emt 0:00:07] Pair of Knights!} Qd7 20. Nf5 b5 (20... Ra8 $142 21. Red1 Re8) 21. axb5 axb5 22. b3 Kh7 23. Nd1 (23. Ra6 $18) 23... Nxd5 $16 24. c4 (24. exd5 $16 Qxf5 25. Ra7 (25. Qxe5 $2 {perishes.} Qxe5 26. Rxe5 Bf6 $19)) 24... Nf4 $1 $11 {[%emt 0:00:09] Against g4} 25. Qg4 (25. Qf1 $11 {keeps the balance.}) 25... g6 $17 26. Nfe3 Qxg4 {[%emt 0:00:03] Black is more active.} (26... Qd4 $17 27. Ra7 Kg8) 27. Nxg4 $11 bxc4 28. bxc4 Rb4 29. Ra7 Nd3 30. Re3 Nf4 ({Black should play} 30... h5 $1 $11) 31. Nxe5 $14 {[%emt 0:00:02] Rf3 is the strong threat.} Rb1 32. Re1 (32. Rxf7+ $2 {is the wrong capture.} Rxf7 33. Nxf7 Rxd1+ 34. Kh2 Bc7 $19) (32. Rd7 $14) 32... Kg7 $11 33. Kf1 Bf6 {[%emt 0:00:01] Inhibits g3.} 34. Nd7 Rd8 {[%emt 0:00:03] White must now prevent ...Nd3.} 35. Ne3 Rxe1+ 36. Kxe1 {[%emt 0:00:01] aiming for Nd5.} Bd4 37. Kf1 Re8 {[%emt 0:00:00] [#]} (37... Nd3 $14) 38. g3 (38. Nd5 $1 $16 Nd3 39. f3) 38... Nxh3 {[%emt 0:00:00] Threatening ...Bxe3.} 39. Kg2 Ng5 40. Nd5 (40. e5 $1 $15) 40... Nxe4 41. f3 (41. Nc7 $17 Rd8 42. Nb6) 41... Ng5 {[%emt 0:00:00] ( -> ...Re2+)} 42. f4 $2 (42. Nf4 $19) 42... Re2+ 43. Kf1 Rf2+ 44. Ke1 {[%emt 0:00:01] [#]} Nf3+ $1 45. Kd1 Rf1+ $2 (45... Bb2 46. Nxc5 Rd2#) 46. Ke2 Rf2+ (46... Nh2 $11 47. Nc7 g5 48. Nxc5 Bxc5 49. Ne6+ Kf6 50. Nxc5 gxf4 51. gxf4 Rxf4) 47. Kd1 Rf1+ $2 (47... Bb2 {mates} 48. Nxc5 Rd2#) 48. Kc2 $2 (48. Ke2 $11 Rf2+ 49. Kd3 Ne1+ 50. Ke4 f5#) 48... Rf2+ $2 (48... h5 $19 {Hoping for ...Rf2+.} 49. Nc7 Re1) 49. Kd3 $2 (49. Kd1 $11 Bb2 50. Nxc5 Rd2#) 49... Ne1+ 50. Ke4 Re2+ (50... f5# $142) 51. Ne3 $19 {[%emt 0:00:04] Black is clearly winning.} Rxe3+ 52. Kd5 Re7 53. Kc6 Nc2 54. Ra4 Nb4+ {[%emt 0:00:31] Black used his chance.   Weighted Error Value: White=0.69/Black=0.60} 0-1

[Event "Romanian Team Blitz Women 2022"]
[Site "Sebes"]
[Date "2022.12.04"]
[Round "3.3"]
[White "Schiopu, Andreea-Alexandra"]
[Black "Bucur, Denisa-Andreea"]
[Result "1/2-1/2"]
[ECO "D02"]
[WhiteElo "1716"]
[BlackElo "1953"]
[Annotator "TA"]
[PlyCount "96"]
[EventDate "2022.12.04"]
[EventType "blitz"]
[EventCountry "ROU"]
[SourceTitle "playchess.com"]
[Source "ChessBase"]
[SourceQuality "1"]
[TimeControl "180+2"]

1. Nf3 d5 2. d4 Nf6 3. Bf4 c5 4. c3 Nc6 5. e3 Qb6 6. Qb3 c4 7. Qc2 $1 {[%emt 0:00:00] [#] The main line 7.Qc2 scores better than 7.Qxb6.} Bg4 {[%emt 0:00:06] D02: 1 d4 d5 2 Nf3 sidelines, including 2...Nf6 3 g3 and 2...Nf6 3 Bf4.} ({Black should play} 7... Bf5 $1 $15 8. Qc1 (8. Qxf5 $2 Qxb2 9. Nbd2 Qxa1+ $19) 8... Nh5) 8. Nbd2 e6 9. Be2 Bf5 10. Qc1 h6 11. h3 Qd8 12. O-O Bd6 13. Ne5 (13. Bxd6 $14 {was preferrable.} Qxd6 14. b3) 13... O-O (13... Qc7 $11) 14. Nxc6 $1 $14 bxc6 15. Bxd6 Qxd6 16. Nf3 {[%emt 0:00:02] [#]} (16. b3 $14) 16... c5 $146 ({Predecessor:} 16... Rfb8 17. Ne5 a5 18. f3 c5 19. g4 Bh7 20. Rf2 Rb7 21. Bf1 Ne8 22. f4 Nf6 {0-1 (42) Wilke,H (1515)-Woerz,M (2027) Berlin 2018}) 17. Bd1 cxd4 18. exd4 Rfb8 19. Bc2 Ne4 (19... Bxc2 {simplifies} 20. Qxc2 Ne4 21. b3 Qc7) 20. Ne5 f6 21. Ng4 Bh7 22. Re1 (22. b3 $5 ) 22... Rb6 23. f3 Ng3 24. Bxh7+ Kxh7 25. Qc2+ Kg8 {[%emt 0:00:02] [#]} (25... Kh8 $15 {keeps the upper hand.}) 26. Qg6 (26. Nxf6+ $1 $16 gxf6 27. Qg6+ Kh8 28. Qxh6+ (28. Qxf6+ Kh7 $11) 28... Kg8 29. Qg6+ (29. Qxf6 Qf8 $15) 29... Kh8 30. Qh6+ (30. Qxf6+ Kh7 $16) 30... Kg8 31. Qg6+ (31. Qxf6 Qf8 $11) 31... Kh8 32. Qh6+ (32. Qxf6+ Kh7 $14)) 26... Kh8 {[%emt 0:00:09] [#]} (26... Qf4 $11 {remains equal.}) 27. Nxf6 $1 $16 gxf6 28. Qxf6+ (28. Qxh6+ $16 Kg8 29. Qg6+ (29. Qxf6 Qf8 $15) 29... Kh8 30. Qxf6+ Kh7 31. Re5) 28... Kg8 $2 (28... Kh7 $11 29. Qf7+ Kh8 30. Qf6+ Kh7 31. Qf7+ Kh8 32. Qf6+) 29. Qg6+ $18 (29. Qxh6 Qf8 30. Qh4 (30. Qg6+ Qg7 $15) 30... Nf5 31. Qg4+ (31. Qh5 Qf6 $17) 31... Kh7 32. Qh5+ Kg8 $15) 29... Kh8 {[%emt 0:00:01] Strongly threatening ...Nf5.} 30. Qxh6+ Kg8 31. Re5 (31. Qg6+ $18 Kh8 32. Re5) 31... Nf5 $14 32. Qg6+ {[%emt 0:00:02][%mdl 1024] White has compensation.} Kf8 $2 (32... Ng7 $1 $11) 33. g4 $18 Ne7 34. Qh6+ ({Better is} 34. Qf6+ $18 Ke8 35. Qh8+ Kd7 36. Qxa8) 34... Ke8 $1 $11 35. Qh8+ (35. f4 $16 {Qh8+ is the strong threat.} Kd7 36. Rae1) 35... Kd7 $1 36. Qxa8 Nc6 {[%emt 0:00:06][%mdl 8192] [#]} (36... Nc8 $1 $11 {and Black has nothing to worry.}) 37. Rh5 $4 (37. Qh8 $1 $18 Nxe5 38. Qg7+ (38. Qxe5 Qxe5 39. dxe5 Rxb2 $16) (38. dxe5 Qc5+ 39. Kh1 Qf2 $11) 38... Ke8 39. Qh8+ (39. dxe5 Qc5+ 40. Kh1 Rxb2 $16) (39. Qxe5 Qxe5 40. dxe5 Rxb2 $16) 39... Kd7 40. Qxe5 (40. dxe5 Qc5+ 41. Kh1 Qf2 $11)) 37... Nd8 $4 (37... Qg3+ $19 38. Kh1 Qxf3+ 39. Kg1 Rxb2 40. Rh7+ Kd6 41. Qf8+ Qxf8) 38. Rh7+ $18 Ke8 39. Rh8+ ({Worse is} 39. Qxa7 Qg3+ 40. Kh1 Qxf3+ 41. Kg1 Qg3+ 42. Kh1 Qf3+ 43. Kg1 Qg3+ 44. Kh1 Qf3+ $11) 39... Kf7 {[%emt 0:00:02] [#]} 40. Qxd8 $2 (40. Qxa7+ Rb7 $16) (40. f4 $1 $18 Qb8 41. Rxd8 Qxa8 42. Rxa8) 40... Qxd8 $4 (40... Qg3+ $11 41. Kf1 Qxf3+ 42. Ke1 (42. Kg1 Qg3+ 43. Kh1 Qf3+ 44. Kg1 Qg3+ 45. Kh1 Qf3+ 46. Kg1 $11) 42... Qe3+ 43. Kf1 Qf3+ 44. Kg1 Qg3+ 45. Kh1 Qf3+ 46. Kg1 Qg3+ 47. Kh1 Qf3+ 48. Kg1) 41. Rxd8 Rxb2 42. Rd7+ Kg6 43. Rxa7 {[%emt 0:00:02] aiming for Re1.} Kg5 44. Ra6 Kf4 45. Rf1 Kg3 46. Rxe6 $2 (46. Rd1 $18 Rg2+ 47. Kf1) 46... Rg2+ $11 {[%emt 0:00:02] The position is equal.} 47. Kh1 {[%emt 0:00:02] White threatens Rg1 and mate.} Rh2+ 48. Kg1 Rg2+ {[%emt 0:00:01] Weighted Error Value: White=0.83/Black=0.44} 1/2-1/2